 Dungeon Crawl Stone Soup version 0.26.1-11-gd32895ea62 (webtiles) character file.

Game seed: 16652335750402350497

190 Zeld the Cudgeller (level 5, -4/32 HPs)
             Began as a Gargoyle Monk on May 27, 2021.
             Slain by an orc
             ... wielding a +0 war axe
              (6 damage)
             ... on level 4 of the Dungeon.
             The game lasted 00:04:29 (4439 turns).

Zeld the Cudgeller (Gargoyle Monk)                  Turns: 4439, Time: 00:04:30

Health: -4/32      AC:  6    Str: 15    XL:     5   Next: 69%
Magic:  5/5        EV: 12    Int: 11    God:
Gold:   139        SH:  0    Dex: 12    Spells: 4/4 levels left

rFire    . . .     SeeInvis .   a - +0 mace
rCold    . . .     Faith    .   (no shield)
rNeg     + . .     Spirit   .   b - +0 robe
rPois    ∞         Reflect  .   (no helmet)
rElec    +         Harm     .   (no cloak)
rCorr    .         Rampage  .   (no gloves)
Will     .....                  (no boots)
Stlth    ++........             (no amulet)
HPRegen  0.10/turn              (no ring)
MPRegen  0.09/turn              (no ring)

@: no status effects
A: negative energy resistance 1, electricity resistance, unbreathing,
petrification resistance, miasma immunity, AC +4
a: no special abilities


You were on level 4 of the Dungeon.
You visited 1 branch of the dungeon, and saw 4 of its levels.

You collected 139 gold pieces.

Inventory:

Hand Weapons
 a - a +0 mace (weapon)
Missiles
 m - 3 boomerangs
Armour
 b - a +0 robe (worn)
Jewellery
 l - an uncursed amulet of regeneration {unknown}
Scrolls
 e - 3 scrolls of remove curse {unknown}
 f - 4 scrolls of identify {unknown}
 g - 4 scrolls of teleportation {unknown}
 h - a scroll of magic mapping {unknown}
Potions
 c - a potion of haste {unknown}
 d - 6 potions of curing {unknown}
 i - a potion of brilliance {unknown}
 j - a potion of lignification {unknown}
 k - 2 potions of flight {unknown}


   Skills:
 - Level 3.2 Fighting
 * Level 6.2 Maces & Flails
 - Level 2.4 Dodging
 - Level 2.1 Stealth


You had 4 spell levels left.
You didn't know any spells.
Your spell library was empty.

Dungeon Overview and Level Annotations

Branches:
Dungeon (4/15)
 Temple: D:4-7

Altars:

Annotations:
D:4 Edmund


Innate Abilities, Weirdness & Mutations

You are resistant to torment.
Your stone body is resilient. (AC +4)
You are immune to poison.
You resist negative energy. (rN+)
You are resistant to electric shocks. (rElec)
You can survive without breathing.
You are immune to petrification.
You are immune to miasma.


Message History

You thump the orc priest!
The orc priest is almost dead.
The orc barely misses you. The orc closely misses you.
The orc priest looks braver for a moment.
You sock the orc priest!
You kill the orc priest!
The orc hits you but does no damage. The orc hits you with a +0 war axe!
* * * LOW HITPOINT WARNING * * *
Your Maces & Flails skill increases to level 6!
You hit the orc but do no damage.
The orc is heavily wounded.
The orc barely misses you. The orc hits you with a +0 war axe.
* * * LOW HITPOINT WARNING * * *
Unknown command.
You hit the orc.
The orc is almost dead.
The orc hits you.
* * * LOW HITPOINT WARNING * * *
The orc hits you with a +0 war axe.
You die...

#### ####
#...##..##
..........# ...
##..oo#
....#...)@#
........#### .
........##.#....
.......o<.......
....####o.##.#..
... ...# ..
..... . ......#
##......


You could see 2 orcs.

Vanquished Creatures
  An orc priest (D:4)
  A bullfrog skeleton (D:4)
  6 adders
  2 oozes
  A worm (D:2)
  2 leopard geckos
  6 orcs
  2 giant cockroaches
  8 goblins
  5 hobgoblins
  9 jackals
  A quokka (D:3)
  3 bats
  A jackal zombie (D:3)
  3 kobolds
  11 rats
62 creatures vanquished.

Notes
Turn   | Place    | Note
-------+----------+-------------------------------------------
     0 | D:1      | Zeld the Gargoyle Monk began the quest for the Orb.
     0 | D:1      | Reached XP level 1. HP: 14/14 MP: 1/1
    90 | D:1      | Reached XP level 2. HP: 15/19 MP: 2/2
   439 | D:1      | Reached skill level 4 in Maces & Flails
   456 | D:1      | Reached XP level 3. HP: 14/23 MP: 3/3
  1889 | D:2      | Reached XP level 4. HP: 24/28 MP: 4/4
  2548 | D:2      | Reached skill level 5 in Maces & Flails
  3787 | D:4      | Noticed Edmund
  3823 | D:3      | Reached XP level 5. HP: 16/32 MP: 5/5
  4438 | D:4      | Reached skill level 6 in Maces & Flails
  4439 | D:4      | Slain by an orc

Illustrated notes

Levels and vault maps discovered:
D:1:      minmay_arrival_four_loops, layout_basic,
          minmay_misc_feat_secret_circle
D:2:      layout_basic
D:3:      layout_rooms
D:4:      layout_cave_pools, nicolae_overflow_crystal_walls, serial_shops,
          nicolae_shop_stone, uniq_edmund

Skill      XL: |  1  2  3  4  5 |
---------------+----------------+-----
Maces & Flails | 4 5 6 |  6.2
Fighting       | |  3.2
Dodging        | |  2.4
Stealth        | |  2.1

Action                   |  1- 3 |  4- 6 || total
-------------------------+-------+-------++-------
Melee: Mace              |   104 |   159 ||   263
 Stab: Sleeping          |     3 |     1 ||     4
Armor: Robe              |    53 |    67 ||   120
Dodge: Dodged            |    98 |   133 ||   231
